Workbook

Sheet Calhoun 25 Unit
B3: Henderson Trace
B6: UNIT # | C6: ADDRESS | D6: FLOOR PLAN | E6: SF | F6: BED/BATH | G6: Base PRICE | H6: LOT PREMIUM | I6: Purchase Price | J6: Current Rent | K6: Annual Income | L6: Property Tax | M6: Property Insurance | N6: HOA | O6: NOI | P6: Cap Rate
B7: 26 | C7: 200 Harrison Drive, Calhoun, GA 30701 | D7: Oakgrove | E7: 1700 | F7: 4bd 2.5ba | G7: 267500 | H7: 3000 | I7: =SUM(G7:H7) -> 270500 | J7: 1850 | K7: =J7*12 -> 22200 | L7: 2575.15 | M7: 609 | N7: =120*12 -> 1440 | O7: =K7-SUM(L7:N7) -> 17575.85 | P7: =O7/I7 -> 0.064975416
B8: 27 | C8: 202 Harrison Drive, Calhoun, GA 30701 | D8: Brentwood | E8: 1733 | F8: 4bd 2.5ba | G8: 272500 | I8: =SUM(G8:H8) -> 272500 | J8: 1800 | K8: =J8*12 -> 21600 | L8: 2575.15 | M8: 612 | N8: =120*12 -> 1440 | O8: =K8-SUM(L8:N8) -> 16972.85 | P8: =O8/I8 -> 0.062285688
B9: 28 | C9: 204 Harrison Drive, Calhoun, GA 30701 | D9: Danbury | E9: 1767 | F9: 4bd 2.5ba | G9: 275000 | I9: =SUM(G9:H9) -> 275000 | J9: 1850 | K9: =J9*12 -> 22200 | L9: 2575.15 | M9: 615 | N9: =120*12 -> 1440 | O9: =K9-SUM(L9:N9) -> 17569.85 | P9: =O9/I9 -> 0.063890364
B10: 29 | C10: 206 Harrison Drive, Calhoun, GA 30701 | D10: Oakgrove | E10: 1700 | F10: 4bd 2.5ba | G10: 267500 | I10: =SUM(G10:H10) -> 267500 | J10: 1895 | K10: =J10*12 -> 22740 | L10: 2575.15 | M10: 609 | N10: =120*12 -> 1440 | O10: =K10-SUM(L10:N10) -> 18115.85 | P10: =O10/I10 -> 0.067722804
B11: 30 | C11: 208 Harrison Drive, Calhoun, GA 30701 | D11: Danbury | E11: 1767 | F11: 4bd 2.5ba | G11: 275000 | I11: =SUM(G11:H11) -> 275000 | J11: 1850 | K11: =J11*12 -> 22200 | L11: 2575.15 | M11: 598 | N11: =120*12 -> 1440 | O11: =K11-SUM(L11:N11) -> 17586.85 | P11: =O11/I11 -> 0.063952182
B12: 31 | C12: 210 Harrison Drive, Calhoun, GA 30701 | D12: Brentwood | E12: 1733 | F12: 4bd 2.5ba | G12: 272500 | I12: =SUM(G12:H12) -> 272500 | J12: 1850 | K12: =J12*12 -> 22200 | L12: 2575.15 | M12: 612 | N12: =120*12 -> 1440 | O12: =K12-SUM(L12:N12) -> 17572.85 | P12: =O12/I12 -> 0.064487523
B13: 32 | C13: 212 Harrison Drive, Calhoun, GA 30701 | D13: Danbury | E13: 1767 | F13: 4bd 2.5ba | G13: 275000 | I13: =SUM(G13:H13) -> 275000 | J13: 1800 | K13: =J13*12 -> 21600 | L13: 2575.15 | M13: 598 | N13: =120*12 -> 1440 | O13: =K13-SUM(L13:N13) -> 16986.85 | P13: =O13/I13 -> 0.061770364
B14: 33 | C14: 214 Harrison Drive, Calhoun, GA 30701 | D14: Danbury | E14: 1767 | F14: 4bd 2.5ba | G14: 275000 | I14: =SUM(G14:H14) -> 275000 | J14: 1850 | K14: =J14*12 -> 22200 | L14: 2575.15 | M14: 615 | N14: =120*12 -> 1440 | O14: =K14-SUM(L14:N14) -> 17569.85 | P14: =O14/I14 -> 0.063890364
B15: 34 | C15: 216 Harrison Drive, Calhoun, GA 30701 | D15: Oakgrove | E15: 1700 | F15: 4bd 2.5ba | G15: 267500 | H15: 4000 | I15: =SUM(G15:H15) -> 271500 | J15: 1895 | K15: =J15*12 -> 22740 | L15: 2575.15 | M15: 591 | N15: =120*12 -> 1440 | O15: =K15-SUM(L15:N15) -> 18133.85 | P15: =O15/I15 -> 0.066791344
B16: 35 | C16: 218 Harrison Drive, Calhoun, GA 30701 | D16: Brentwood | E16: 1733 | F16: 4bd 2.5ba | G16: 272500 | H16: 5000 | I16: =SUM(G16:H16) -> 277500 | J16: 1795 | K16: =J16*12 -> 21540 | L16: 2575.15 | M16: 612 | N16: =120*12 -> 1440 | O16: =K16-SUM(L16:N16) -> 16912.85 | P16: =O16/I16 -> 0.060947207
B17: 36 | C17: 220 Harrison Drive, Calhoun, GA 30701 | D17: Oakgrove | E17: 1700 | F17: 4bd 2.5ba | G17: 267500 | H17: 4000 | I17: =SUM(G17:H17) -> 271500 | J17: 1945 | K17: =J17*12 -> 23340 | L17: 2575.15 | M17: 598 | N17: =120*12 -> 1440 | O17: =K17-SUM(L17:N17) -> 18726.85 | P17: =O17/I17 -> 0.068975506
B18: 37 | C18: 221 Harrison Drive, Calhoun, GA 30701 | D18: Brentwood | E18: 1733 | F18: 4bd 2.5ba | G18: 272500 | H18: 5000 | I18: =SUM(G18:H18) -> 277500 | J18: 1895 | K18: =J18*12 -> 22740 | L18: 2575.15 | M18: 612 | N18: =120*12 -> 1440 | O18: =K18-SUM(L18:N18) -> 18112.85 | P18: =O18/I18 -> 0.065271532
B19: 38 | C19: 219 Harrison Drive, Calhoun, GA 30701 | D19: Danbury | E19: 1767 | F19: 4bd 2.5ba | G19: 275000 | H19: 4000 | I19: =SUM(G19:H19) -> 279000 | J19: 1850 | K19: =J19*12 -> 22200 | L19: 2575.15 | M19: 598 | N19: =120*12 -> 1440 | O19: =K19-SUM(L19:N19) -> 17586.85 | P19: =O19/I19 -> 0.063035305
B20: 39 | C20: 217 Harrison Drive, Calhoun, GA 30701 | D20: Oakgrove | E20: 1700 | F20: 4bd 2.5ba | G20: 267500 | I20: =SUM(G20:H20) -> 267500 | J20: 1850 | K20: =J20*12 -> 22200 | L20: 2575.15 | M20: 617 | N20: =120*12 -> 1440 | O20: =K20-SUM(L20:N20) -> 17567.85 | P20: =O20/I20 -> 0.065674206
B21: 40 | C21: 215 Harrison Drive, Calhoun, GA 30701 | D21: Brentwood | E21: 1733 | F21: 4bd 2.5ba | G21: 272500 | I21: =SUM(G21:H21) -> 272500 | J21: 2035 | K21: =J21*12 -> 24420 | L21: 2575.15 | M21: 615 | N21: =120*12 -> 1440 | O21: =K21-SUM(L21:N21) -> 19789.85 | P21: =O21/I21 -> 0.072623303
B22: 41 | C22: 213 Harrison Drive, Calhoun, GA 30701 | D22: Danbury | E22: 1767 | F22: 4bd 2.5ba | G22: 275000 | I22: =SUM(G22:H22) -> 275000 | J22: 1850 | K22: =J22*12 -> 22200 | L22: 2575.15 | M22: 598 | N22: =120*12 -> 1440 | O22: =K22-SUM(L22:N22) -> 17586.85 | P22: =O22/I22 -> 0.063952182
B23: 42 | C23: 211 Harrison Drive, Calhoun, GA 30701 | D23: Oakgrove | E23: 1700 | F23: 4bd 2.5ba | G23: 267500 | I23: =SUM(G23:H23) -> 267500 | J23: 1800 | K23: =J23*12 -> 21600 | L23: 2575.15 | M23: 615 | N23: =120*12 -> 1440 | O23: =K23-SUM(L23:N23) -> 16969.85 | P23: =O23/I23 -> 0.063438692
B24: 43 | C24: 209 Harrison Drive, Calhoun, GA 30701 | D24: Danbury | E24: 1767 | F24: 4bd 2.5ba | G24: 275000 | I24: =SUM(G24:H24) -> 275000 | J24: 1800 | K24: =J24*12 -> 21600 | L24: 2575.15 | M24: 615 | N24: =120*12 -> 1440 | O24: =K24-SUM(L24:N24) -> 16969.85 | P24: =O24/I24 -> 0.061708545
B25: 44 | C25: 207 Harrison Drive, Calhoun, GA 30701 | D25: Brentwood | E25: 1733 | F25: 4bd 2.5ba | G25: 272500 | I25: =SUM(G25:H25) -> 272500 | J25: 1800 | K25: =J25*12 -> 21600 | L25: 2575.15 | M25: 598 | N25: =120*12 -> 1440 | O25: =K25-SUM(L25:N25) -> 16986.85 | P25: =O25/I25 -> 0.062337064
B26: 45 | C26: 205 Harrison Drive, Calhoun, GA 30701 | D26: Danbury | E26: 1767 | F26: 4bd 2.5ba | G26: 275000 | I26: =SUM(G26:H26) -> 275000 | J26: 1850 | K26: =J26*12 -> 22200 | L26: 2575.15 | M26: 615 | N26: =120*12 -> 1440 | O26: =K26-SUM(L26:N26) -> 17569.85 | P26: =O26/I26 -> 0.063890364
B27: 46 | C27: 203 Harrison Drive, Calhoun, GA 30701 | D27: Brentwood | E27: 1733 | F27: 4bd 2.5ba | G27: 272500 | I27: =SUM(G27:H27) -> 272500 | J27: 1795 | K27: =J27*12 -> 21540 | L27: 2575.15 | M27: 615 | N27: =120*12 -> 1440 | O27: =K27-SUM(L27:N27) -> 16909.85 | P27: =O27/I27 -> 0.062054495
B28: 47 | C28: 201 Harrison Drive, Calhoun, GA 30701 | D28: Danbury | E28: 1767 | F28: 4bd 2.5ba | G28: 275000 | I28: =SUM(G28:H28) -> 275000 | J28: 1850 | K28: =J28*12 -> 22200 | L28: 2575.15 | M28: 615 | N28: =120*12 -> 1440 | O28: =K28-SUM(L28:N28) -> 17569.85 | P28: =O28/I28 -> 0.063890364
B29: 48 | C29: 105 Harrison Drive, Calhoun, GA 30701 | D29: Brentwood | E29: 1733 | F29: 4bd 2.5ba | G29: 272500 | I29: =SUM(G29:H29) -> 272500 | J29: 1850 | K29: =J29*12 -> 22200 | L29: 2575.15 | M29: 615 | N29: =120*12 -> 1440 | O29: =K29-SUM(L29:N29) -> 17569.85 | P29: =O29/I29 -> 0.064476514
B30: 49 | C30: 103 Harrison Drive, Calhoun, GA 30701 | D30: Oakgrove | E30: 1700 | F30: 4bd 2.5ba | G30: 267500 | I30: =SUM(G30:H30) -> 267500 | J30: 1850 | K30: =J30*12 -> 22200 | L30: 2575.15 | M30: 609 | N30: =120*12 -> 1440 | O30: =K30-SUM(L30:N30) -> 17575.85 | P30: =O30/I30 -> 0.065704112
B31: 50 | C31: 101 Harrison Drive, Calhoun, GA 30701 | D31: Brentwood | E31: 1733 | F31: 4bd 2.5ba | G31: 272500 | H31: 3000 | I31: =SUM(G31:H31) -> 275500 | J31: 1900 | K31: =J31*12 -> 22800 | L31: 2575.15 | M31: 598 | N31: =120*12 -> 1440 | O31: =K31-SUM(L31:N31) -> 18186.85 | P31: =O31/I31 -> 0.066013975
H32: Total | I32: =SUBTOTAL(9,I7:I31) -> 6828000
B36: 300 Harrison Drive Calhoun, GA 30701 | wepartnerrealty.com | janez@wepartnergroup.com | 470-479-1210

Sheet Calhoun Price
B3: Henderson Trace
B6: UNIT # | C6: ADDRESS | D6: FLOOR PLAN | E6: SF | F6: BED/BATH | G6: Base PRICE | H6: LOT PREMIUM | I6: Purchase Price | J6: AVAILABLE DATE
B7: 1 | C7: 100 Vickery Lane, Calhoun, GA 30701 | D7: Brentwood | E7: 1733 | F7: 4bd 2.5ba | G7: =IF(E7='Floor Plan'!$A$2,'Floor Plan'!$B$2,IF(E7='Floor Plan'!$A$3,'Floor Plan'!$B$3,IF(E7='Floor Plan'!$A$4,'Floor Plan'!$B$4,"N/A"))) -> 1850 | I7: =SUM(G7:H7) -> 1850
B8: 2 | C8: 102 Vickery Lane, Calhoun, GA 30701 | D8: Danbury | E8: 1767 | F8: 4bd 2.5ba | G8: =IF(E8='Floor Plan'!$A$2,'Floor Plan'!$B$2,IF(E8='Floor Plan'!$A$3,'Floor Plan'!$B$3,IF(E8='Floor Plan'!$A$4,'Floor Plan'!$B$4,"N/A"))) -> 1850 | I8: =SUM(G8:H8) -> 1850
B9: 3 | C9: 104 Vickery Lane, Calhoun, GA 30701 | D9: Oakgrove | E9: 1700 | F9: 4bd 2.5ba | G9: =IF(E9='Floor Plan'!$A$2,'Floor Plan'!$B$2,IF(E9='Floor Plan'!$A$3,'Floor Plan'!$B$3,IF(E9='Floor Plan'!$A$4,'Floor Plan'!$B$4,"N/A"))) -> 1850 | I9: =SUM(G9:H9) -> 1850
B10: 4 | C10: 106 Vickery Lane, Calhoun, GA 30701 | D10: Danbury | E10: 1767 | F10: 4bd 2.5ba | G10: =IF(E10='Floor Plan'!$A$2,'Floor Plan'!$B$2,IF(E10='Floor Plan'!$A$3,'Floor Plan'!$B$3,IF(E10='Floor Plan'!$A$4,'Floor Plan'!$B$4,"N/A"))) -> 1850 | I10: =SUM(G10:H10) -> 1850
B11: 5 | C11: 108 Vickery Lane, Calhoun, GA 30701 | D11: Danbury | E11: 1767 | F11: 4bd 2.5ba | G11: =IF(E11='Floor Plan'!$A$2,'Floor Plan'!$B$2,IF(E11='Floor Plan'!$A$3,'Floor Plan'!$B$3,IF(E11='Floor Plan'!$A$4,'Floor Plan'!$B$4,"N/A"))) -> 1850 | I11: =SUM(G11:H11) -> 1850
B12: 6 | C12: 110 Vickery Lane, Calhoun, GA 30701 | D12: Danbury | E12: 1767 | F12: 4bd 2.5ba | G12: =IF(E12='Floor Plan'!$A$2,'Floor Plan'!$B$2,IF(E12='Floor Plan'!$A$3,'Floor Plan'!$B$3,IF(E12='Floor Plan'!$A$4,'Floor Plan'!$B$4,"N/A"))) -> 1850 | I12: =SUM(G12:H12) -> 1850
B13: 7 | C13: 112 Vickery Lane, Calhoun, GA 30701 | D13: Brentwood | E13: 1733 | F13: 4bd 2.5ba | G13: =IF(E13='Floor Plan'!$A$2,'Floor Plan'!$B$2,IF(E13='Floor Plan'!$A$3,'Floor Plan'!$B$3,IF(E13='Floor Plan'!$A$4,'Floor Plan'!$B$4,"N/A"))) -> 1850 | I13: =SUM(G13:H13) -> 1850
B14: 8 | C14: 114 Vickery Lane, Calhoun, GA 30701 | D14: Danbury | E14: 1767 | F14: 4bd 2.5ba | G14: =IF(E14='Floor Plan'!$A$2,'Floor Plan'!$B$2,IF(E14='Floor Plan'!$A$3,'Floor Plan'!$B$3,IF(E14='Floor Plan'!$A$4,'Floor Plan'!$B$4,"N/A"))) -> 1850 | I14: =SUM(G14:H14) -> 1850
B15: 9 | C15: 116 Vickery Lane, Calhoun, GA 30701 | D15: Brentwood | E15: 1733 | F15: 4bd 2.5ba | G15: =IF(E15='Floor Plan'!$A$2,'Floor Plan'!$B$2,IF(E15='Floor Plan'!$A$3,'Floor Plan'!$B$3,IF(E15='Floor Plan'!$A$4,'Floor Plan'!$B$4,"N/A"))) -> 1850 | I15: =SUM(G15:H15) -> 1850
B16: 10 | C16: 118 Vickery Lane, Calhoun, GA 30701 | D16: Oakgrove | E16: 1700 | F16: 4bd 2.5ba | G16: =IF(E16='Floor Plan'!$A$2,'Floor Plan'!$B$2,IF(E16='Floor Plan'!$A$3,'Floor Plan'!$B$3,IF(E16='Floor Plan'!$A$4,'Floor Plan'!$B$4,"N/A"))) -> 1850 | H16: 45 | I16: =SUM(G16:H16) -> 1895
B17: 11 | C17: 120 Vickery Lane, Calhoun, GA 30701 | D17: Brentwood | E17: 1733 | F17: 4bd 2.5ba | G17: =IF(E17='Floor Plan'!$A$2,'Floor Plan'!$B$2,IF(E17='Floor Plan'!$A$3,'Floor Plan'!$B$3,IF(E17='Floor Plan'!$A$4,'Floor Plan'!$B$4,"N/A"))) -> 1850 | H17: =H16 -> 45 | I17: =SUM(G17:H17) -> 1895
B18: 12 | C18: 117 Vickery Lane, Calhoun, GA 30701 | D18: Danbury | E18: 1767 | F18: 4bd 2.5ba | G18: =IF(E18='Floor Plan'!$A$2,'Floor Plan'!$B$2,IF(E18='Floor Plan'!$A$3,'Floor Plan'!$B$3,IF(E18='Floor Plan'!$A$4,'Floor Plan'!$B$4,"N/A"))) -> 1850 | H18: =H17 -> 45 | I18: =SUM(G18:H18) -> 1895
B19: 13 | C19: 115 Vickery Lane, Calhoun, GA 30701 | D19: Oakgrove | E19: 1700 | F19: 4bd 2.5ba | G19: =IF(E19='Floor Plan'!$A$2,'Floor Plan'!$B$2,IF(E19='Floor Plan'!$A$3,'Floor Plan'!$B$3,IF(E19='Floor Plan'!$A$4,'Floor Plan'!$B$4,"N/A"))) -> 1850 | H19: =H18 -> 45 | I19: =SUM(G19:H19) -> 1895
B20: 14 | C20: 113 Vickery Lane, Calhoun, GA 30701 | D20: Brentwood | E20: 1733 | F20: 4bd 2.5ba | G20: =IF(E20='Floor Plan'!$A$2,'Floor Plan'!$B$2,IF(E20='Floor Plan'!$A$3,'Floor Plan'!$B$3,IF(E20='Floor Plan'!$A$4,'Floor Plan'!$B$4,"N/A"))) -> 1850 | H20: =H19 -> 45 | I20: =SUM(G20:H20) -> 1895
B21: 15 | C21: 111 Vickery Lane, Calhoun, GA 30701 | D21: Danbury | E21: 1767 | F21: 4bd 2.5ba | G21: =IF(E21='Floor Plan'!$A$2,'Floor Plan'!$B$2,IF(E21='Floor Plan'!$A$3,'Floor Plan'!$B$3,IF(E21='Floor Plan'!$A$4,'Floor Plan'!$B$4,"N/A"))) -> 1850 | H21: =H20 -> 45 | I21: =SUM(G21:H21) -> 1895
B22: 16 | C22: 109 Vickery Lane, Calhoun, GA 30701 | D22: Oakgrove | E22: 1700 | F22: 4bd 2.5ba | G22: =IF(E22='Floor Plan'!$A$2,'Floor Plan'!$B$2,IF(E22='Floor Plan'!$A$3,'Floor Plan'!$B$3,IF(E22='Floor Plan'!$A$4,'Floor Plan'!$B$4,"N/A"))) -> 1850 | I22: =SUM(G22:H22) -> 1850
B23: 17 | C23: 107 Vickery Lane, Calhoun, GA 30701 | D23: Danbury | E23: 1767 | F23: 4bd 2.5ba | G23: =IF(E23='Floor Plan'!$A$2,'Floor Plan'!$B$2,IF(E23='Floor Plan'!$A$3,'Floor Plan'!$B$3,IF(E23='Floor Plan'!$A$4,'Floor Plan'!$B$4,"N/A"))) -> 1850 | I23: =SUM(G23:H23) -> 1850
B24: 18 | C24: 105 Vickery Lane, Calhoun, GA 30701 | D24: Brentwood | E24: 1733 | F24: 4bd 2.5ba | G24: =IF(E24='Floor Plan'!$A$2,'Floor Plan'!$B$2,IF(E24='Floor Plan'!$A$3,'Floor Plan'!$B$3,IF(E24='Floor Plan'!$A$4,'Floor Plan'!$B$4,"N/A"))) -> 1850 | I24: =SUM(G24:H24) -> 1850
B25: 19 | C25: 103 Vickery Lane, Calhoun, GA 30701 | D25: Oakgrove | E25: 1700 | F25: 4bd 2.5ba | G25: =IF(E25='Floor Plan'!$A$2,'Floor Plan'!$B$2,IF(E25='Floor Plan'!$A$3,'Floor Plan'!$B$3,IF(E25='Floor Plan'!$A$4,'Floor Plan'!$B$4,"N/A"))) -> 1850 | I25: =SUM(G25:H25) -> 1850
B26: 20 | C26: 101 Vickery Lane, Calhoun, GA 30701 | D26: Brentwood | E26: 1733 | F26: 4bd 2.5ba | G26: =IF(E26='Floor Plan'!$A$2,'Floor Plan'!$B$2,IF(E26='Floor Plan'!$A$3,'Floor Plan'!$B$3,IF(E26='Floor Plan'!$A$4,'Floor Plan'!$B$4,"N/A"))) -> 1850 | I26: =SUM(G26:H26) -> 1850
B27: 21 | C27: 111 Peterson Street, Calhoun, GA 30701 | D27: Danbury | E27: 1767 | F27: 4bd 2.5ba | G27: =IF(E27='Floor Plan'!$A$2,'Floor Plan'!$B$2,IF(E27='Floor Plan'!$A$3,'Floor Plan'!$B$3,IF(E27='Floor Plan'!$A$4,'Floor Plan'!$B$4,"N/A"))) -> 1850 | I27: =SUM(G27:H27) -> 1850
B28: 22 | C28: 109 Peterson Street, Calhoun, GA 30701 | D28: Brentwood | E28: 1733 | F28: 4bd 2.5ba | G28: =IF(E28='Floor Plan'!$A$2,'Floor Plan'!$B$2,IF(E28='Floor Plan'!$A$3,'Floor Plan'!$B$3,IF(E28='Floor Plan'!$A$4,'Floor Plan'!$B$4,"N/A"))) -> 1850 | I28: =SUM(G28:H28) -> 1850
B29: 23 | C29: 107 Peterson Street, Calhoun, GA 30701 | D29: Oakgrove | E29: 1700 | F29: 4bd 2.5ba | G29: =IF(E29='Floor Plan'!$A$2,'Floor Plan'!$B$2,IF(E29='Floor Plan'!$A$3,'Floor Plan'!$B$3,IF(E29='Floor Plan'!$A$4,'Floor Plan'!$B$4,"N/A"))) -> 1850 | I29: =SUM(G29:H29) -> 1850
B30: 24 | C30: 105 Peterson Street, Calhoun, GA 30701 | D30: Brentwood | E30: 1733 | F30: 4bd 2.5ba | G30: =IF(E30='Floor Plan'!$A$2,'Floor Plan'!$B$2,IF(E30='Floor Plan'!$A$3,'Floor Plan'!$B$3,IF(E30='Floor Plan'!$A$4,'Floor Plan'!$B$4,"N/A"))) -> 1850 | I30: =SUM(G30:H30) -> 1850
B31: 25 | C31: 103 Peterson Street, Calhoun, GA 30701 | D31: Danbury | E31: 1767 | F31: 4bd 2.5ba | G31: =IF(E31='Floor Plan'!$A$2,'Floor Plan'!$B$2,IF(E31='Floor Plan'!$A$3,'Floor Plan'!$B$3,IF(E31='Floor Plan'!$A$4,'Floor Plan'!$B$4,"N/A"))) -> 1850 | I31: =SUM(G31:H31) -> 1850
B32: 26 | C32: 200 Harrison Drive, Calhoun, GA 30701 | D32: Oakgrove | E32: 1700 | F32: 4bd 2.5ba | G32: 267500 | H32: 3000 | I32: =SUM(G32:H32) -> 270500
B33: 27 | C33: 202 Harrison Drive, Calhoun, GA 30701 | D33: Brentwood | E33: 1733 | F33: 4bd 2.5ba | G33: 272500 | I33: =SUM(G33:H33) -> 272500
B34: 28 | C34: 204 Harrison Drive, Calhoun, GA 30701 | D34: Danbury | E34: 1767 | F34: 4bd 2.5ba | G34: 275000 | I34: =SUM(G34:H34) -> 275000
B35: 29 | C35: 206 Harrison Drive, Calhoun, GA 30701 | D35: Oakgrove | E35: 1700 | F35: 4bd 2.5ba | G35: 267500 | I35: =SUM(G35:H35) -> 267500
B36: 30 | C36: 208 Harrison Drive, Calhoun, GA 30701 | D36: Danbury | E36: 1767 | F36: 4bd 2.5ba | G36: 275000 | I36: =SUM(G36:H36) -> 275000
B37: 31 | C37: 210 Harrison Drive, Calhoun, GA 30701 | D37: Brentwood | E37: 1733 | F37: 4bd 2.5ba | G37: 272500 | I37: =SUM(G37:H37) -> 272500
B38: 32 | C38: 212 Harrison Drive, Calhoun, GA 30701 | D38: Danbury | E38: 1767 | F38: 4bd 2.5ba | G38: 275000 | I38: =SUM(G38:H38) -> 275000
B39: 33 | C39: 214 Harrison Drive, Calhoun, GA 30701 | D39: Danbury | E39: 1767 | F39: 4bd 2.5ba | G39: 275000 | I39: =SUM(G39:H39) -> 275000
B40: 34 | C40: 216 Harrison Drive, Calhoun, GA 30701 | D40: Oakgrove | E40: 1700 | F40: 4bd 2.5ba | G40: 267500 | H40: 4000 | I40: =SUM(G40:H40) -> 271500
B41: 35 | C41: 218 Harrison Drive, Calhoun, GA 30701 | D41: Brentwood | E41: 1733 | F41: 4bd 2.5ba | G41: 272500 | H41: 5000 | I41: =SUM(G41:H41) -> 277500
B42: 36 | C42: 220 Harrison Drive, Calhoun, GA 30701 | D42: Oakgrove | E42: 1700 | F42: 4bd 2.5ba | G42: 267500 | H42: 4000 | I42: =SUM(G42:H42) -> 271500
B43: 37 | C43: 221 Harrison Drive, Calhoun, GA 30701 | D43: Brentwood | E43: 1733 | F43: 4bd 2.5ba | G43: 272500 | H43: 5000 | I43: =SUM(G43:H43) -> 277500
B44: 38 | C44: 219 Harrison Drive, Calhoun, GA 30701 | D44: Danbury | E44: 1767 | F44: 4bd 2.5ba | G44: 275000 | H44: 4000 | I44: =SUM(G44:H44) -> 279000
B45: 39 | C45: 217 Harrison Drive, Calhoun, GA 30701 | D45: Oakgrove | E45: 1700 | F45: 4bd 2.5ba | G45: 267500 | I45: =SUM(G45:H45) -> 267500
B46: 40 | C46: 215 Harrison Drive, Calhoun, GA 30701 | D46: Brentwood | E46: 1733 | F46: 4bd 2.5ba | G46: 272500 | I46: =SUM(G46:H46) -> 272500
B47: 41 | C47: 213 Harrison Drive, Calhoun, GA 30701 | D47: Danbury | E47: 1767 | F47: 4bd 2.5ba | G47: 275000 | I47: =SUM(G47:H47) -> 275000
B48: 42 | C48: 211 Harrison Drive, Calhoun, GA 30701 | D48: Oakgrove | E48: 1700 | F48: 4bd 2.5ba | G48: 267500 | I48: =SUM(G48:H48) -> 267500
B49: 43 | C49: 209 Harrison Drive, Calhoun, GA 30701 | D49: Danbury | E49: 1767 | F49: 4bd 2.5ba | G49: 275000 | I49: =SUM(G49:H49) -> 275000
B50: 44 | C50: 207 Harrison Drive, Calhoun, GA 30701 | D50: Brentwood | E50: 1733 | F50: 4bd 2.5ba | G50: 272500 | I50: =SUM(G50:H50) -> 272500
B51: 45 | C51: 205 Harrison Drive, Calhoun, GA 30701 | D51: Danbury | E51: 1767 | F51: 4bd 2.5ba | G51: 275000 | I51: =SUM(G51:H51) -> 275000
B52: 46 | C52: 203 Harrison Drive, Calhoun, GA 30701 | D52: Brentwood | E52: 1733 | F52: 4bd 2.5ba | G52: 272500 | I52: =SUM(G52:H52) -> 272500
B53: 47 | C53: 201 Harrison Drive, Calhoun, GA 30701 | D53: Danbury | E53: 1767 | F53: 4bd 2.5ba | G53: 275000 | I53: =SUM(G53:H53) -> 275000
B54: 48 | C54: 105 Harrison Drive, Calhoun, GA 30701 | D54: Brentwood | E54: 1733 | F54: 4bd 2.5ba | G54: 272500 | I54: =SUM(G54:H54) -> 272500
B55: 49 | C55: 103 Harrison Drive, Calhoun, GA 30701 | D55: Oakgrove | E55: 1700 | F55: 4bd 2.5ba | G55: 267500 | I55: =SUM(G55:H55) -> 267500
B56: 50 | C56: 101 Harrison Drive, Calhoun, GA 30701 | D56: Brentwood | E56: 1733 | F56: 4bd 2.5ba | G56: 272500 | H56: 3000 | I56: =SUM(G56:H56) -> 275500
B57: 51 | C57: 300 Harrison Drive, Calhoun, GA 30701 | D57: Danbury | E57: 1767 | F57: 4bd 2.5ba | G57: =IF(E57='Floor Plan'!$A$2,'Floor Plan'!$B$2,IF(E57='Floor Plan'!$A$3,'Floor Plan'!$B$3,IF(E57='Floor Plan'!$A$4,'Floor Plan'!$B$4,"N/A"))) -> 1850 | I57: =SUM(G57:H57) -> 1850
B58: 52 | C58: 302 Harrison Drive, Calhoun, GA 30701 | D58: Oakgrove | E58: 1700 | F58: 4bd 2.5ba | G58: =IF(E58='Floor Plan'!$A$2,'Floor Plan'!$B$2,IF(E58='Floor Plan'!$A$3,'Floor Plan'!$B$3,IF(E58='Floor Plan'!$A$4,'Floor Plan'!$B$4,"N/A"))) -> 1850 | I58: =SUM(G58:H58) -> 1850
B59: 53 | C59: 304 Harrison Drive, Calhoun, GA 30701 | D59: Brentwood | E59: 1733 | F59: 4bd 2.5ba | G59: =IF(E59='Floor Plan'!$A$2,'Floor Plan'!$B$2,IF(E59='Floor Plan'!$A$3,'Floor Plan'!$B$3,IF(E59='Floor Plan'!$A$4,'Floor Plan'!$B$4,"N/A"))) -> 1850 | I59: =SUM(G59:H59) -> 1850
B60: 54 | C60: 306 Harrison Drive, Calhoun, GA 30701 | D60: Danbury | E60: 1767 | F60: 4bd 2.5ba | G60: =IF(E60='Floor Plan'!$A$2,'Floor Plan'!$B$2,IF(E60='Floor Plan'!$A$3,'Floor Plan'!$B$3,IF(E60='Floor Plan'!$A$4,'Floor Plan'!$B$4,"N/A"))) -> 1850 | I60: =SUM(G60:H60) -> 1850
B61: 55 | C61: 308 Harrison Drive, Calhoun, GA 30701 | D61: Oakgrove | E61: 1700 | F61: 4bd 2.5ba | G61: =IF(E61='Floor Plan'!$A$2,'Floor Plan'!$B$2,IF(E61='Floor Plan'!$A$3,'Floor Plan'!$B$3,IF(E61='Floor Plan'!$A$4,'Floor Plan'!$B$4,"N/A"))) -> 1850 | I61: =SUM(G61:H61) -> 1850
B62: 56 | C62: 310 Harrison Drive, Calhoun, GA 30701 | D62: Danbury | E62: 1767 | F62: 4bd 2.5ba | G62: =IF(E62='Floor Plan'!$A$2,'Floor Plan'!$B$2,IF(E62='Floor Plan'!$A$3,'Floor Plan'!$B$3,IF(E62='Floor Plan'!$A$4,'Floor Plan'!$B$4,"N/A"))) -> 1850 | I62: =SUM(G62:H62) -> 1850
B63: 57 | C63: 312 Harrison Drive, Calhoun, GA 30701 | D63: Brentwood | E63: 1733 | F63: 4bd 2.5ba | G63: =IF(E63='Floor Plan'!$A$2,'Floor Plan'!$B$2,IF(E63='Floor Plan'!$A$3,'Floor Plan'!$B$3,IF(E63='Floor Plan'!$A$4,'Floor Plan'!$B$4,"N/A"))) -> 1850 | H63: 45 | I63: =SUM(G63:H63) -> 1895
B64: 58 | C64: 314 Harrison Drive, Calhoun, GA 30701 | D64: Oakgrove | E64: 1700 | F64: 4bd 2.5ba | G64: =IF(E64='Floor Plan'!$A$2,'Floor Plan'!$B$2,IF(E64='Floor Plan'!$A$3,'Floor Plan'!$B$3,IF(E64='Floor Plan'!$A$4,'Floor Plan'!$B$4,"N/A"))) -> 1850 | H64: =H63 -> 45 | I64: =SUM(G64:H64) -> 1895
B65: 59 | C65: 315 Harrison Drive, Calhoun, GA 30701 | D65: Brentwood | E65: 1733 | F65: 4bd 2.5ba | G65: =IF(E65='Floor Plan'!$A$2,'Floor Plan'!$B$2,IF(E65='Floor Plan'!$A$3,'Floor Plan'!$B$3,IF(E65='Floor Plan'!$A$4,'Floor Plan'!$B$4,"N/A"))) -> 1850 | H65: =H64 -> 45 | I65: =SUM(G65:H65) -> 1895
B66: 60 | C66: 313 Harrison Drive, Calhoun, GA 30701 | D66: Danbury | E66: 1767 | F66: 4bd 2.5ba | G66: =IF(E66='Floor Plan'!$A$2,'Floor Plan'!$B$2,IF(E66='Floor Plan'!$A$3,'Floor Plan'!$B$3,IF(E66='Floor Plan'!$A$4,'Floor Plan'!$B$4,"N/A"))) -> 1850 | H66: =H65 -> 45 | I66: =SUM(G66:H66) -> 1895
B67: 61 | C67: 311 Harrison Drive, Calhoun, GA 30701 | D67: Brentwood | E67: 1733 | F67: 4bd 2.5ba | G67: =IF(E67='Floor Plan'!$A$2,'Floor Plan'!$B$2,IF(E67='Floor Plan'!$A$3,'Floor Plan'!$B$3,IF(E67='Floor Plan'!$A$4,'Floor Plan'!$B$4,"N/A"))) -> 1850 | H67: =H66 -> 45 | I67: =SUM(G67:H67) -> 1895
B68: 62 | C68: 309 Harrison Drive, Calhoun, GA 30701 | D68: Oakgrove | E68: 1700 | F68: 4bd 2.5ba | G68: =IF(E68='Floor Plan'!$A$2,'Floor Plan'!$B$2,IF(E68='Floor Plan'!$A$3,'Floor Plan'!$B$3,IF(E68='Floor Plan'!$A$4,'Floor Plan'!$B$4,"N/A"))) -> 1850 | I68: =SUM(G68:H68) -> 1850
B69: 63 | C69: 307 Harrison Drive, Calhoun, GA 30701 | D69: Brentwood | E69: 1733 | F69: 4bd 2.5ba | G69: =IF(E69='Floor Plan'!$A$2,'Floor Plan'!$B$2,IF(E69='Floor Plan'!$A$3,'Floor Plan'!$B$3,IF(E69='Floor Plan'!$A$4,'Floor Plan'!$B$4,"N/A"))) -> 1850 | I69: =SUM(G69:H69) -> 1850
B70: 64 | C70: 305 Harrison Drive, Calhoun, GA 30701 | D70: Danbury | E70: 1767 | F70: 4bd 2.5ba | G70: =IF(E70='Floor Plan'!$A$2,'Floor Plan'!$B$2,IF(E70='Floor Plan'!$A$3,'Floor Plan'!$B$3,IF(E70='Floor Plan'!$A$4,'Floor Plan'!$B$4,"N/A"))) -> 1850 | I70: =SUM(G70:H70) -> 1850
B71: 65 | C71: 303 Harrison Drive, Calhoun, GA 30701 | D71: Oakgrove | E71: 1700 | F71: 4bd 2.5ba | G71: =IF(E71='Floor Plan'!$A$2,'Floor Plan'!$B$2,IF(E71='Floor Plan'!$A$3,'Floor Plan'!$B$3,IF(E71='Floor Plan'!$A$4,'Floor Plan'!$B$4,"N/A"))) -> 1850 | I71: =SUM(G71:H71) -> 1850
B72: 66 | C72: 301 Harrison Drive, Calhoun, GA 30701 | D72: Brentwood | E72: 1733 | F72: 4bd 2.5ba | G72: =IF(E72='Floor Plan'!$A$2,'Floor Plan'!$B$2,IF(E72='Floor Plan'!$A$3,'Floor Plan'!$B$3,IF(E72='Floor Plan'!$A$4,'Floor Plan'!$B$4,"N/A"))) -> 1850 | I72: =SUM(G72:H72) -> 1850
B73: 67 | C73: 100 Harrison Drive, Calhoun, GA 30701 | D73: Danbury | E73: 1767 | F73: 4bd 2.5ba | G73: =IF(E73='Floor Plan'!$A$2,'Floor Plan'!$B$2,IF(E73='Floor Plan'!$A$3,'Floor Plan'!$B$3,IF(E73='Floor Plan'!$A$4,'Floor Plan'!$B$4,"N/A"))) -> 1850 | I73: =SUM(G73:H73) -> 1850
B74: 68 | C74: 102 Harrison Drive, Calhoun, GA 30701 | D74: Oakgrove | E74: 1700 | F74: 4bd 2.5ba | G74: =IF(E74='Floor Plan'!$A$2,'Floor Plan'!$B$2,IF(E74='Floor Plan'!$A$3,'Floor Plan'!$B$3,IF(E74='Floor Plan'!$A$4,'Floor Plan'!$B$4,"N/A"))) -> 1850 | I74: =SUM(G74:H74) -> 1850
B75: 69 | C75: 104 Harrison Drive, Calhoun, GA 30701 | D75: Danbury | E75: 1767 | F75: 4bd 2.5ba | G75: =IF(E75='Floor Plan'!$A$2,'Floor Plan'!$B$2,IF(E75='Floor Plan'!$A$3,'Floor Plan'!$B$3,IF(E75='Floor Plan'!$A$4,'Floor Plan'!$B$4,"N/A"))) -> 1850 | H75: 45 | I75: =SUM(G75:H75) -> 1895
B76: 70 | C76: 102 Peterson Street, Calhoun, GA 30701 | D76: Brentwood | E76: 1733 | F76: 4bd 2.5ba | G76: =IF(E76='Floor Plan'!$A$2,'Floor Plan'!$B$2,IF(E76='Floor Plan'!$A$3,'Floor Plan'!$B$3,IF(E76='Floor Plan'!$A$4,'Floor Plan'!$B$4,"N/A"))) -> 1850 | H76: =H75 -> 45 | I76: =SUM(G76:H76) -> 1895
B77: 71 | C77: 104 Peterson Street, Calhoun, GA 30701 | D77: Oakgrove | E77: 1700 | F77: 4bd 2.5ba | G77: =IF(E77='Floor Plan'!$A$2,'Floor Plan'!$B$2,IF(E77='Floor Plan'!$A$3,'Floor Plan'!$B$3,IF(E77='Floor Plan'!$A$4,'Floor Plan'!$B$4,"N/A"))) -> 1850 | H77: =H76 -> 45 | I77: =SUM(G77:H77) -> 1895
B78: 72 | C78: 106 Peterson Street, Calhoun, GA 30701 | D78: Brentwood | E78: 1733 | F78: 4bd 2.5ba | G78: =IF(E78='Floor Plan'!$A$2,'Floor Plan'!$B$2,IF(E78='Floor Plan'!$A$3,'Floor Plan'!$B$3,IF(E78='Floor Plan'!$A$4,'Floor Plan'!$B$4,"N/A"))) -> 1850 | H78: =H77 -> 45 | I78: =SUM(G78:H78) -> 1895
B79: 73 | C79: 108 Peterson Street, Calhoun, GA 30701 | D79: Danbury | E79: 1767 | F79: 4bd 2.5ba | G79: =IF(E79='Floor Plan'!$A$2,'Floor Plan'!$B$2,IF(E79='Floor Plan'!$A$3,'Floor Plan'!$B$3,IF(E79='Floor Plan'!$A$4,'Floor Plan'!$B$4,"N/A"))) -> 1850 | H79: =H78 -> 45 | I79: =SUM(G79:H79) -> 1895
B80: 74 | C80: 110 Peterson Street, Calhoun, GA 30701 | D80: Brentwood | E80: 1733 | F80: 4bd 2.5ba | G80: =IF(E80='Floor Plan'!$A$2,'Floor Plan'!$B$2,IF(E80='Floor Plan'!$A$3,'Floor Plan'!$B$3,IF(E80='Floor Plan'!$A$4,'Floor Plan'!$B$4,"N/A"))) -> 1850 | H80: =H79 -> 45 | I80: =SUM(G80:H80) -> 1895
B81: 75 | C81: 200 Vickery Lane, Calhoun, GA 30701 | D81: Danbury | E81: 1767 | F81: 4bd 2.5ba | G81: =IF(E81='Floor Plan'!$A$2,'Floor Plan'!$B$2,IF(E81='Floor Plan'!$A$3,'Floor Plan'!$B$3,IF(E81='Floor Plan'!$A$4,'Floor Plan'!$B$4,"N/A"))) -> 1850 | H81: =H80 -> 45 | I81: =SUM(G81:H81) -> 1895
B82: 76 | C82: 202 Vickery Lane, Calhoun, GA 30701 | D82: Danbury | E82: 1767 | F82: 4bd 2.5ba | G82: =IF(E82='Floor Plan'!$A$2,'Floor Plan'!$B$2,IF(E82='Floor Plan'!$A$3,'Floor Plan'!$B$3,IF(E82='Floor Plan'!$A$4,'Floor Plan'!$B$4,"N/A"))) -> 1850 | I82: =SUM(G82:H82) -> 1850
B83: 77 | C83: 204 Vickery Lane, Calhoun, GA 30701 | D83: Brentwood | E83: 1733 | F83: 4bd 2.5ba | G83: =IF(E83='Floor Plan'!$A$2,'Floor Plan'!$B$2,IF(E83='Floor Plan'!$A$3,'Floor Plan'!$B$3,IF(E83='Floor Plan'!$A$4,'Floor Plan'!$B$4,"N/A"))) -> 1850 | I83: =SUM(G83:H83) -> 1850
B84: 78 | C84: 206 Vickery Lane, Calhoun, GA 30701 | D84: Oakgrove | E84: 1700 | F84: 4bd 2.5ba | G84: =IF(E84='Floor Plan'!$A$2,'Floor Plan'!$B$2,IF(E84='Floor Plan'!$A$3,'Floor Plan'!$B$3,IF(E84='Floor Plan'!$A$4,'Floor Plan'!$B$4,"N/A"))) -> 1850 | I84: =SUM(G84:H84) -> 1850
B85: 79 | C85: 208 Vickery Lane, Calhoun, GA 30701 | D85: Brentwood | E85: 1733 | F85: 4bd 2.5ba | G85: =IF(E85='Floor Plan'!$A$2,'Floor Plan'!$B$2,IF(E85='Floor Plan'!$A$3,'Floor Plan'!$B$3,IF(E85='Floor Plan'!$A$4,'Floor Plan'!$B$4,"N/A"))) -> 1850 | I85: =SUM(G85:H85) -> 1850
B86: 80 | C86: 210 Vickery Lane, Calhoun, GA 30701 | D86: Danbury | E86: 1767 | F86: 4bd 2.5ba | G86: =IF(E86='Floor Plan'!$A$2,'Floor Plan'!$B$2,IF(E86='Floor Plan'!$A$3,'Floor Plan'!$B$3,IF(E86='Floor Plan'!$A$4,'Floor Plan'!$B$4,"N/A"))) -> 1850 | I86: =SUM(G86:H86) -> 1850
B87: 81 | C87: 212 Vickery Lane, Calhoun, GA 30701 | D87: Oakgrove | E87: 1700 | F87: 4bd 2.5ba | G87: =IF(E87='Floor Plan'!$A$2,'Floor Plan'!$B$2,IF(E87='Floor Plan'!$A$3,'Floor Plan'!$B$3,IF(E87='Floor Plan'!$A$4,'Floor Plan'!$B$4,"N/A"))) -> 1850 | I87: =SUM(G87:H87) -> 1850
B88: 82 | C88: 214 Vickery Lane, Calhoun, GA 30701 | D88: Danbury | E88: 1767 | F88: 4bd 2.5ba | G88: =IF(E88='Floor Plan'!$A$2,'Floor Plan'!$B$2,IF(E88='Floor Plan'!$A$3,'Floor Plan'!$B$3,IF(E88='Floor Plan'!$A$4,'Floor Plan'!$B$4,"N/A"))) -> 1850 | I88: =SUM(G88:H88) -> 1850
B89: 83 | C89: 216 Vickery Lane, Calhoun, GA 30701 | D89: Brentwood | E89: 1733 | F89: 4bd 2.5ba | G89: =IF(E89='Floor Plan'!$A$2,'Floor Plan'!$B$2,IF(E89='Floor Plan'!$A$3,'Floor Plan'!$B$3,IF(E89='Floor Plan'!$A$4,'Floor Plan'!$B$4,"N/A"))) -> 1850 | I89: =SUM(G89:H89) -> 1850
B90: 84 | C90: 218 Vickery Lane, Calhoun, GA 30701 | D90: Danbury | E90: 1767 | F90: 4bd 2.5ba | G90: =IF(E90='Floor Plan'!$A$2,'Floor Plan'!$B$2,IF(E90='Floor Plan'!$A$3,'Floor Plan'!$B$3,IF(E90='Floor Plan'!$A$4,'Floor Plan'!$B$4,"N/A"))) -> 1850 | H90: 45 | I90: =SUM(G90:H90) -> 1895
B91: 85 | C91: 220 Vickery Lane, Calhoun, GA 30701 | D91: Brentwood | E91: 1733 | F91: 4bd 2.5ba | G91: =IF(E91='Floor Plan'!$A$2,'Floor Plan'!$B$2,IF(E91='Floor Plan'!$A$3,'Floor Plan'!$B$3,IF(E91='Floor Plan'!$A$4,'Floor Plan'!$B$4,"N/A"))) -> 1850 | H91: =H90 -> 45 | I91: =SUM(G91:H91) -> 1895
B92: 86 | C92: 219 Vickery Lane, Calhoun, GA 30701 | D92: Danbury | E92: 1767 | F92: 4bd 2.5ba | G92: =IF(E92='Floor Plan'!$A$2,'Floor Plan'!$B$2,IF(E92='Floor Plan'!$A$3,'Floor Plan'!$B$3,IF(E92='Floor Plan'!$A$4,'Floor Plan'!$B$4,"N/A"))) -> 1850 | H92: =H91 -> 45 | I92: =SUM(G92:H92) -> 1895
B93: 87 | C93: 217 Vickery Lane, Calhoun, GA 30701 | D93: Brentwood | E93: 1733 | F93: 4bd 2.5ba | G93: =IF(E93='Floor Plan'!$A$2,'Floor Plan'!$B$2,IF(E93='Floor Plan'!$A$3,'Floor Plan'!$B$3,IF(E93='Floor Plan'!$A$4,'Floor Plan'!$B$4,"N/A"))) -> 1850 | I93: =SUM(G93:H93) -> 1850
B94: 88 | C94: 215 Vickery Lane, Calhoun, GA 30701 | D94: Oakgrove | E94: 1700 | F94: 4bd 2.5ba | G94: =IF(E94='Floor Plan'!$A$2,'Floor Plan'!$B$2,IF(E94='Floor Plan'!$A$3,'Floor Plan'!$B$3,IF(E94='Floor Plan'!$A$4,'Floor Plan'!$B$4,"N/A"))) -> 1850 | I94: =SUM(G94:H94) -> 1850
B95: 89 | C95: 213 Vickery Lane, Calhoun, GA 30701 | D95: Brentwood | E95: 1733 | F95: 4bd 2.5ba | G95: =IF(E95='Floor Plan'!$A$2,'Floor Plan'!$B$2,IF(E95='Floor Plan'!$A$3,'Floor Plan'!$B$3,IF(E95='Floor Plan'!$A$4,'Floor Plan'!$B$4,"N/A"))) -> 1850 | I95: =SUM(G95:H95) -> 1850
B96: 90 | C96: 211 Vickery Lane, Calhoun, GA 30701 | D96: Brentwood | E96: 1733 | F96: 4bd 2.5ba | G96: =IF(E96='Floor Plan'!$A$2,'Floor Plan'!$B$2,IF(E96='Floor Plan'!$A$3,'Floor Plan'!$B$3,IF(E96='Floor Plan'!$A$4,'Floor Plan'!$B$4,"N/A"))) -> 1850 | I96: =SUM(G96:H96) -> 1850
B97: 91 | C97: 209 Vickery Lane, Calhoun, GA 30701 | D97: Danbury | E97: 1767 | F97: 4bd 2.5ba | G97: =IF(E97='Floor Plan'!$A$2,'Floor Plan'!$B$2,IF(E97='Floor Plan'!$A$3,'Floor Plan'!$B$3,IF(E97='Floor Plan'!$A$4,'Floor Plan'!$B$4,"N/A"))) -> 1850 | I97: =SUM(G97:H97) -> 1850
B98: 92 | C98: 207 Vickery Lane, Calhoun, GA 30701 | D98: Oakgrove | E98: 1700 | F98: 4bd 2.5ba | G98: =IF(E98='Floor Plan'!$A$2,'Floor Plan'!$B$2,IF(E98='Floor Plan'!$A$3,'Floor Plan'!$B$3,IF(E98='Floor Plan'!$A$4,'Floor Plan'!$B$4,"N/A"))) -> 1850 | I98: =SUM(G98:H98) -> 1850
B99: 93 | C99: 205 Vickery Lane, Calhoun, GA 30701 | D99: Brentwood | E99: 1733 | F99: 4bd 2.5ba | G99: =IF(E99='Floor Plan'!$A$2,'Floor Plan'!$B$2,IF(E99='Floor Plan'!$A$3,'Floor Plan'!$B$3,IF(E99='Floor Plan'!$A$4,'Floor Plan'!$B$4,"N/A"))) -> 1850 | I99: =SUM(G99:H99) -> 1850
B100: 94 | C100: 203 Vickery Lane, Calhoun, GA 30701 | D100: Danbury | E100: 1767 | F100: 4bd 2.5ba | G100: =IF(E100='Floor Plan'!$A$2,'Floor Plan'!$B$2,IF(E100='Floor Plan'!$A$3,'Floor Plan'!$B$3,IF(E100='Floor Plan'!$A$4,'Floor Plan'!$B$4,"N/A"))) -> 1850 | I100: =SUM(G100:H100) -> 1850
B101: 95 | C101: 201 Vickery Lane, Calhoun, GA 30701 | D101: Oakgrove | E101: 1700 | F101: 4bd 2.5ba | G101: =IF(E101='Floor Plan'!$A$2,'Floor Plan'!$B$2,IF(E101='Floor Plan'!$A$3,'Floor Plan'!$B$3,IF(E101='Floor Plan'!$A$4,'Floor Plan'!$B$4,"N/A"))) -> 1850 | I101: =SUM(G101:H101) -> 1850
H102: Total | I102: =SUBTOTAL(9,I32:I56) -> 6828000
I103: =SUM(I7:I102) -> 13786445
I104: =I103*12 -> 165437340
...

Sheet Site Map

Sheet Floor Plan
A1: SQFT | B1: BASE PRICE | C1: FLOOR PLAN | F1: Adjustment Price
A2: 1700 | B2: 1850 | C2: Oakgrove | E2: =A6*A2 -> 264858.63 | F2: 267500
A3: 1733 | B3: 1850 | C3: Brentwood | E3: 270000 | F3: 272500
A4: 1767 | B4: 1850 | C4: Danbury | E4: =A6*1767 -> 275297.17 | F4: 275000
A6: =270000/A3 -> 155.79919
